 Dungeon Crawl Stone Soup version 0.20.1-1-g8b1a95d66d (webtiles) character file.

55836 Jynx the Alchemist (level 14, 0/127 HPs)
             Began as a Merfolk Transmuter on Jan 2, 2018.
             Was an Elder of Okawaru.
             Killed by divine providence
             ... invoked by a smoke demon
             ... summoned by an orc high priest
              (12 damage)
             ... on level 2 of the Orcish Mines.
             The game lasted 01:00:27 (19239 turns).

Jynx the Alchemist (Merfolk Transmuter)            Turns: 19239, Time: 01:00:28

Health: 0/127      AC:  9    Str: 14    XL:     14   Next: 79%
Magic:  22/25      EV: 31    Int: 19    God:    Okawaru [****..]
Gold:   2223       SH:  0    Dex: 21    Spells: 7/28 levels left

rFire    . . .     SeeInvis +     - Unarmed
rCold    + . .     Gourm    .   (shield currently unavailable)
rNeg     . . .     Faith    .   H - +2 robe {rC+}
rPois    .         Spirit   .   G - +1 helmet {SInv}
rElec    .         Reflect  .   L - +0 cloak
rCorr    .         Harm     .   (gloves currently unavailable)
MR       +....                  O - +0 pair of boots
Stlth    +++.......             k - amulet of regeneration
Regen    0.8/turn               e - ring of Heng {Str+4 Dex+2}
MPRegen  0.2/turn               y - +4 ring of intelligence

@: lethally poisoned (0 -> -1), blade hands, heroism, hasted, very quick
A: change form in water, swift swim, stealthy swim, clever 1, robust 1
a: End Transformation, Heroism, Renounce Religion


You were on level 2 of the Orcish Mines.
You worshipped Okawaru.
Okawaru was greatly pleased with you.
You were not hungry.
You had blades for hands.
You visited 4 branches of the dungeon, and saw 20 of its levels.

You collected 2223 gold pieces.

Inventory:

Missiles
 a - 322 arrows
Armour
 G - a +1 helmet of see invisible (worn)
 H - a +2 robe of cold resistance (worn)
 L - a +0 cloak (worn)
 O - a +0 pair of boots (worn)
 W - the +0 buckler of the Journeyman {Int+3, unknown}
   (Okawaru gifted it to you on level 6 of the Lair of Beasts)

   It affects your intelligence (+3).
Jewellery
 e - the ring of Heng (left scythe-like blade) {Str+4 Dex+2}
   (You found it on level 5 of the Dungeon)

   [ring of strength]

   It affects your strength (+4).
   It affects your dexterity (+2).
 k - an amulet of regeneration (around neck)
 p - an uncursed ring of resist corrosion
 y - a +4 ring of intelligence (right scythe-like blade)
 F - an uncursed ring of ice
Wands
 b - a wand of random effects (30/48)
 i - a wand of flame (16/48)
 l - a wand of acid (13/15)
 B - a wand of flame (33/48)
 D - a wand of clouds (4/9)
 K - a wand of lightning (3/15)
 M - a wand of polymorph (13/24)
 S - a wand of digging (11/24)
 T - a wand of lightning (9/15)
Scrolls
 f - 3 scrolls of recharging
 h - 15 scrolls of remove curse
 o - 5 scrolls of amnesia
 r - a scroll of enchant weapon
 w - 2 scrolls of teleportation
 C - 2 scrolls of magic mapping
 I - 7 scrolls of identify
 Q - a scroll of fog
Potions
 s - a potion of flight
 t - 3 potions of brilliance
 x - 3 potions of ambrosia
Books
 c - a book of Changes

   Spells                             Type                      Level
   a - Beastly Appendage              Transmutation                1
   b - Sticks to Snakes               Transmutation                2
   c - Spider Form                    Transmutation/Poison         3
   d - Ice Form                       Ice/Transmutation            4
   e - Blade Hands                    Transmutation                5
 n - a book of Necromancy

   Spells                             Type                      Level
   a - Pain                           Necromancy                   1
   b - Animate Skeleton               Necromancy                   1
   c - Vampiric Draining              Necromancy                   3
   d - Regeneration                   Charms/Necromancy            3
   e - Animate Dead                   Necromancy                   4
   f - Control Undead                 Necromancy                   4
 u - a book of Geomancy

   Spells                             Type                      Level
   a - Sandblast                      Earth                        1
   b - Passwall                       Transmutation/Earth          2
   c - Stone Arrow                    Conjuration/Earth            3
   d - Petrify                        Transmutation/Earth          4
   e - Lee's Rapid Deconstruction     Earth                        5
 E - a Fen Folio

   Spells                             Type                      Level
   a - Corpse Rot                     Necromancy                   2
   b - Stone Arrow                    Conjuration/Earth            3
   c - Leda's Liquefaction            Hexes/Earth                  4
   d - Summon Forest                  Summoning/Translocation      5
   e - Hydra Form                     Transmutation                6
   f - Summon Hydra                   Summoning                    7
 N - a book of Battle

   Spells                             Type                      Level
   a - Infusion                       Charms                       1
   b - Shroud of Golubria             Charms/Translocation         2
   c - Song of Slaying                Charms                       2
   d - Spectral Weapon                Hexes/Charms                 3
   e - Regeneration                   Charms/Necromancy            3
Miscellaneous
 A - 2 phantom mirrors
Comestibles
 d - 10 bread rations
 g - 4 chunks of flesh
 j - 44 fruits
 m - 9 royal jellies
 v - 6 meat rations


   Skills:
 + Level 12.6(17.6) Fighting
 + Level 14.7(19.7) Dodging
 + Level 12.8(17.8) Unarmed Combat
 + Level 7.5 Spellcasting
 - Level 16.4 Transmutations
 - Level 4.0 Ice Magic
 - Level 2.1 Poison Magic


You had 7 spell levels left.
You knew the following spells:

 Your Spells              Type           Power        Failure   Level  Hunger
a - Beastly Appendage     Tmut           ######       3%          1    None
b - Sticks to Snakes      Tmut           ######..     3%          2    None
c - Spider Form           Tmut/Pois      #####.....   13%         3    #......
d - Blade Hands           Tmut           ######....   10%         5    #####..
e - Ice Form              Ice/Tmut       #####...     17%         4    ###....
f - Hydra Form            Tmut           ######....   19%         6    ######.


Dungeon Overview and Level Annotations

Branches:
Dungeon (11/15)            Temple (1/1) D:5            Lair (6/6) D:10
 Shoals (0/4) Lair:4        Snake (0/4) Lair:4        Slime (0/5) Lair:6
    Orc (2/2) D:11            Elf (0/3) Orc:2

Altars:
Cheibriados
Elyvilon
Fedhas
Kikubaaqudgha
Makhleb
Nemelex Xobeh
Okawaru
Qazlal
Ru
Sif Muna
Uskayaw
Vehumet
Xom
Yredelemnul
The Shining One
Beogh

Shops:
D:4 :   D:7 =   D:9 }   Orc:2 *

Annotations:
D:11 2 transporters
Lair:2 exclusion: oklob plant
Orc:1 exclusion: orange crystal statue


Innate Abilities, Weirdness & Mutations

You revert to your normal form in water.
You are very nimble and swift while swimming.
You are very stealthy in the water. (Stealth+)
Your mind is acute. (Int +2)
You are robust. (+10% HP)


Message History

The orc knight hits you with a long sword!!
* * * LOW HITPOINT WARNING * * *
You slice the orc knight!!
The orc knight is severely wounded.
The orc high priest says, "All sinners must die."
You slice the orc knight!!
You kill the orc knight!
Okawaru accepts your kill.
The orc high priest invokes the aid of Beogh against you.
Pain shoots through your body!
* * * LOW HITPOINT WARNING * * *
Unknown command.
You feel yourself speed up.
You feel sick.
The orc high priest mumbles some strange prayers.
The smoke demon gestures at you. Beogh smites you!
* * * LOW HITPOINT WARNING * * *
The smoke demon gestures at you. Beogh smites you!
You die...

##....###.....###.....##
##.....#.....###.......##
###........### ##.......#
# ##......###.####.....##
# #......##....##^..###
##.#...#..........#
####.##.........##
...........###
.........@##
...........##
............#
.........3..#
#.....o....# ######.#####
######)######
#.....3..o..###
...####.####o.3##


You could see an orc high priest, a sun demon and a smoke demon.

Vanquished Creatures
  A dire elephant (Lair:6)
  The ghost of ShansongY the Thaumaturge, a journeyman DEFE of Vehumet (Lair:6)
  Snorg (Lair:6)
  A hydra (D:11)
  Fannar (D:10)
  A merfolk avatar (Lair:6)
  Erica (D:9)
  2 two-headed ogres
  The ghost of dengdeng the Protected, a novice MiBe of Trog (D:9)
  Urug (Orc:1)
  An orc high priest (Orc:2)
  2 unseen horrors (D:10)
  A harpy (Lair:6)
  9 orc knights
  An ugly thing (D:11)
  2 orc sorcerers (Orc:2)
  A manticore (Lair:6)
  2 black mambas
  An ice statue (Lair:6)
  Joseph (D:9)
  4 torpor snails (Lair:2)
  16 spiny frogs
  4 rime drakes (Lair:6)
  An ice devil (Lair:6)
  12 komodo dragons
  10 polar bears
  4 trolls
  Prince Ribbit (D:7)
  A hornet (Lair:6)
  13 hippogriffs
  2 wind drakes (Lair:6)
  18 blink frogs
  A dream sheep (Lair:5)
  A shadow (D:11)
  4 wyverns
  9 yaks
  5 basilisks
  2 hungry ghosts
  3 vampire mosquitoes (D:9)
  3 steam dragons
  A naga (Lair:4)
  2 wargs (Orc:2)
  2 soldier ants
  16 water moccasins
  17 porcupines
  24 orc warriors
  10 ice beasts
  A sky beast (D:10)
  2 black bears
  11 ogres
  A phantom (D:9)
  A necrophage (D:10)
  2 eyes of draining
  5 wolves (Lair:1)
  9 centaurs
  21 crocodiles
  2 big kobolds
  15 bullfrogs
  A gnoll sergeant (D:11)
  5 scorpions
  6 killer bees (D:10)
  5 howler monkeys
  A centaur zombie (D:6)
  2 crimson imps (D:5)
  2 bullfrog zombies
  A quasit (D:11)
  3 hounds
  18 orc priests
  12 jellies
  2 bullfrog skeletons (D:5)
  19 orc wizards
  6 iguanas
  5 worker ants
  5 hell rats (Lair:3)
  A hound zombie (D:5)
  2 worker ant zombies
  6 gnolls
  11 adders
  2 shadow imps
  2 white imps (Lair:6)
  5 oozes
  2 adder zombies
  An adder skeleton (D:6)
  3 dart slugs (D:1)
  5 leopard geckos
  77 orcs
  6 bats
  5 giant cockroaches
  6 goblins
  9 hobgoblins
  10 jackals
  15 kobolds
  6 quokkas
  A ball python (D:3)
  9 frilled lizards
  A jackal skeleton (D:5)
  3 rats
569 creatures vanquished.

Vanquished Creatures (collateral kills)
  A hornet (Lair:6)
  A blink frog (Lair:6)
  Menkaure (D:7)
  A water moccasin (Lair:6)
  The ghost of BreadTh the Magician, an amateur SpWz (D:3)
  An ogre (D:4)
  A scorpion (D:4)
  A howler monkey (D:5)
  An orc priest (D:5)
  3 jellies
  2 worker ants
  A gnoll (D:3)
  2 adders
  2 worms
  An orc (D:5)
  A hobgoblin (D:3)
  A jackal (D:4)
  A frilled lizard (D:3)
  A plant (Lair:6)
24 creatures vanquished.

Vanquished Creatures (others)
  6 fungi
  5 plants
11 creatures vanquished.

Grand Total: 604 creatures vanquished

Notes
Turn   | Place    | Note
-------+----------+-------------------------------------------
     0 | D:1      | Jynx the Merfolk Transmuter began the quest for the Orb.
     0 | D:1      | Reached XP level 1. HP: 15/15 MP: 3/3
    96 | D:1      | Reached XP level 2. HP: 12/21 MP: 3/5
   105 | D:1      | Reached skill level 3 in Transmutations
   890 | D:1      | Reached XP level 3. HP: 27/27 MP: 4/6
   910 | D:1      | You fall through a shaft!
  1389 | D:2      | Found a sparkling altar of Nemelex Xobeh.
  1513 | D:2      | Reached skill level 4 in Transmutations
  1581 | D:2      | Learned a level 2 spell: Sticks to Snakes
  1585 | D:2      | Learned a level 3 spell: Spider Form
  1702 | D:2      | Reached XP level 4. HP: 30/33 MP: 4/8
  2165 | D:3      | Noticed BreadTh's ghost (amateur SpWz)
  2208 | D:3      | Found a basalt altar of Yredelemnul.
  2356 | D:3      | Killed BreadTh's ghost
  2356 | D:3      | Reached XP level 5. HP: 32/39 MP: 2/9
  2524 | D:3      | Reached skill level 5 in Transmutations
  3080 | D:3      | Found a snail-covered altar of Cheibriados.
  3082 | D:3      | Found a shattered altar of Ashenzari.
  3082 | D:3      | Found a radiant altar of Vehumet.
  3105 | D:3      | Found an iron altar of Okawaru.
  3105 | D:3      | Found a shimmering altar of Xom.
  3105 | D:3      | Found a stormy altar of Qazlal.
  3312 | D:4      | Reached XP level 6. HP: 45/46 MP: 4/10
  3435 | D:4      | Found a hide-covered altar of Uskayaw.
  3526 | D:4      | HP: 1/46 [ogre/giant club (26)]
  3531 | D:4      | Reached skill level 6 in Transmutations
  3640 | D:4      | Found a deep blue altar of Sif Muna.
  3692 | D:4      | Found Moten's Book Boutique.
  3856 | D:4      | Gained mutation: Your mind is acute. (Int +2) [potion of mutation]
  3856 | D:4      | Gained mutation: You are robust. (+10% HP) [potion of mutation]
  3883 | D:5      | Entered Level 5 of the Dungeon
  3908 | D:5      | Learned a level 5 spell: Blade Hands
  3939 | D:5      | Found an iron altar of Okawaru.
  3950 | D:5      | Became a worshipper of Warmaster Okawaru
  4113 | D:5      | Reached XP level 7. HP: 26/57 MP: 5/12
  4130 | D:5      | Reached * piety under Okawaru
  4170 | D:5      | Reached skill level 5 in Dodging
  4170 | D:5      | Reached skill level 7 in Transmutations
  4591 | D:5      | Got a clouded tin ring
  4592 | D:5      | Identified the ring of Heng {Str+4 Dex+2} (You found it on level 5 of the Dungeon)
  4652 | D:5      | Reached XP level 8. HP: 17/66 MP: 3/14
  4753 | D:5      | Learned a level 4 spell: Ice Form
  4784 | D:5      | Reached skill level 8 in Transmutations
  4885 | D:5      | Reached skill level 1 in Ice Magic
  4885 | D:5      | Reached skill level 1 in Poison Magic
  4972 | D:5      | Reached ** piety under Okawaru
  5005 | D:5      | Found a staircase to the Ecumenical Temple.
  5011 | Temple   | Entered the Ecumenical Temple
  5583 | D:6      | Reached skill level 9 in Transmutations
  5598 | D:6      | Found a blossoming altar of Fedhas.
  6037 | D:6      | Reached XP level 9. HP: 71/71 MP: 9/15
  6049 | D:6      | Reached skill level 10 in Transmutations
  6211 | D:6      | Reached *** piety under Okawaru
  6543 | D:6      | Found a blossoming altar of Fedhas.
  6741 | D:7      | Noticed Prince Ribbit
  6745 | D:7      | Killed Prince Ribbit
  6792 | D:7      | Found a stormy altar of Qazlal.
  6808 | D:7      | Found Ytelem's Jewellery Emporium.
  7012 | D:7      | Reached skill level 5 in Unarmed Combat
  7105 | D:7      | Noticed Menkaure
  7117 | D:7      | Killed Menkaure
  7310 | D:8      | Reached skill level 5 in Fighting
  7393 | D:8      | Reached skill level 11 in Transmutations
  7546 | D:8      | Found an iron altar of Okawaru.
  7715 | D:8      | Reached **** piety under Okawaru
  7795 | D:8      | Noticed a two-headed ogre
  7803 | D:8      | Killed a two-headed ogre
  7803 | D:8      | Reached skill level 12 in Transmutations
  7803 | D:8      | Reached XP level 10. HP: 46/83 MP: 7/16
  8053 | D:9      | Noticed Joseph
  8085 | D:9      | Found Oleaq's Quality Used Wands.
  8085 | D:9      | Noticed Erica
  8095 | D:9      | Killed Erica
  8156 | D:9      | Reached ***** piety under Okawaru
  8156 | D:9      | Received a gift from Okawaru
  8394 | D:9      | Noticed dengdeng's ghost (novice MiBe)
  8713 | D:9      | Killed dengdeng's ghost
  8713 | D:9      | Reached skill level 13 in Transmutations
  8717 | D:9      | Killed Joseph
  8860 | D:9      | Reached XP level 11. HP: 73/92 MP: 9/17
  9250 | D:10     | Entered Level 10 of the Dungeon
  9356 | D:10     | Reached skill level 14 in Transmutations
  9557 | D:10     | Noticed Fannar
 10030 | D:10     | Killed Fannar
 10030 | D:10     | Received a gift from Okawaru
 10044 | D:10     | Found a staircase to the Lair.
 10290 | D:10     | Noticed an unseen horror
 10296 | D:10     | Killed an unseen horror
 10305 | D:10     | Noticed an unseen horror
 10311 | D:10     | Reached skill level 15 in Transmutations
 10322 | D:10     | Killed an unseen horror
 10322 | D:10     | Reached skill level 10 in Dodging
 10605 | D:11     | Reached XP level 12. HP: 99/103 MP: 14/18
 10635 | D:11     | Found a staircase to the Orcish Mines.
 10795 | D:11     | Noticed an eight-headed hydra
 10801 | D:11     | Killed an eight-headed hydra
 11101 | D:11     | Noticed a two-headed ogre
 11111 | D:11     | Killed a two-headed ogre
 11463 | D:11     | Found a transporter.
 11464 | D:11     | Noticed a tengu reaver
 11468 | D:11     | Noticed a two-headed ogre
 11492 | D:11     | Found a transporter.
 11947 | Lair:1   | Entered Level 1 of the Lair of Beasts
 12091 | Lair:1   | Reached skill level 16 in Transmutations
 12093 | Lair:1   | Received a gift from Okawaru
 12999 | Lair:2   | Reached skill level 10 in Unarmed Combat
 13169 | Lair:2   | Found a snail-covered altar of Cheibriados.
 13175 | Lair:2   | Received a gift from Okawaru
 13241 | Lair:2   | Reached skill level 10 in Fighting
 13509 | Lair:3   | Reached XP level 13. HP: 113/113 MP: 14/19
 14470 | Lair:4   | Found a staircase to the Snake Pit.
 15100 | Lair:4   | Found a staircase to the Shoals.
 15781 | Lair:5   | Reached skill level 5 in Spellcasting
 16082 | Lair:6   | Entered Level 6 of the Lair of Beasts
 16226 | Lair:6   | Noticed a dire elephant
 16235 | Lair:6   | Received a gift from Okawaru
 16254 | Lair:6   | Killed a dire elephant
 16438 | Lair:6   | Got a shimmering buckler {god gift}
 16543 | Lair:6   | Found a staircase to the Slime Pits.
 16569 | Lair:6   | Reached XP level 14. HP: 124/124 MP: 16/23
 16615 | Lair:6   | Noticed ShansongY's ghost (journeyman DEFE)
 16623 | Lair:6   | Killed ShansongY's ghost
 16697 | Lair:6   | HP: 6/125 [komodo dragon (24)]
 16702 | Lair:6   | HP: 5/125 [komodo dragon (13)]
 16956 | Lair:6   | Noticed Snorg
 16991 | Lair:6   | Killed Snorg
 17312 | Lair:6   | Learned a level 6 spell: Hydra Form
 17640 | Orc:1    | Entered Level 1 of the Orcish Mines
 18028 | Orc:1    | Found a roughly hewn altar of Beogh.
 18110 | Orc:1    | Found a runed door.
 18129 | Orc:1    | Noticed Urug
 18140 | Orc:1    | Killed Urug
 18172 | Orc:1    | Found a runed door.
 18436 | Orc:2    | Entered Level 2 of the Orcish Mines
 18610 | Orc:2    | Found a staircase to the Elven Halls.
 19201 | Orc:2    | Found Gikkez's Assorted Antiques.
 19239 | Orc:2    | Killed from afar by a smoke demon

Skill      XL: |  1  2  3  4  5  6  7  8  9 10 11 12 13 14 |
---------------+-------------------------------------------+-----
Transmutations | 3 4 5 6 7 9 12 13 15 16 | 16.4
Fighting       | 2 3 4 6 7 8 10 11 12 | 12.6
Dodging        | 3 4 5 7 8 10 11 13 14 | 14.7
Spellcasting   | 3 4 6 7 |  7.5
Ice Magic      | 3 4 |  4.0
Poison Magic   | 2 |  2.1
Unarmed Combat | 4 6 7 8 10 11 12 | 12.8

Action                   |  1- 3 |  4- 6 |  7- 9 | 10-12 | 13-15 || total
-------------------------+-------+-------+-------+-------+-------++-------
Melee: Unarmed           |   109 |   192 |   267 |   490 |   545 ||  1603
       Headbutt          |    12 |    27 |    31 |     3 |       ||    73
       Punch             |     1 |     2 |     6 |    18 |    21 ||    48
       Tailslap          |       |     2 |       |       |    20 ||    22
 Cast: Beastly Appendage |    24 |    32 |    30 |     1 |       ||    87
       Sticks to Snakes  |     1 |    28 |    17 |     3 |       ||    49
       Blade Hands       |       |       |    26 |    57 |    59 ||   142
       Ice Form          |       |       |       |     1 |       ||     1
       Hydra Form        |       |       |       |       |     6 ||     6
Invok: Heroism           |       |       |    11 |    29 |    24 ||    64
       Finesse           |       |       |       |       |     1 ||     1
  Use: Scroll            |     3 |     4 |     8 |     7 |     1 ||    23
       Potion            |       |     7 |     5 |     2 |    11 ||    25
 Stab: Sleeping          |       |     3 |     1 |     2 |       ||     6
       Distracted        |       |     4 |     1 |     1 |       ||     6
       Invisible         |       |       |       |       |     6 ||     6
  Eat: Chunk             |     3 |    10 |    21 |    32 |    30 ||    96
       Fruit             |       |       |     1 |     2 |       ||     3
       Meat ration       |       |       |       |     1 |       ||     1
Armor: Robe              |    15 |    18 |    16 |    32 |    50 ||   131
       Skin              |       |       |       |     2 |    10 ||    12
Dodge: Dodged            |    78 |   140 |   189 |   435 |   525 ||  1367
